 Dungeon Crawl Stone Soup version 0.25.0-10-g039870ee82 (webtiles) character file.

Game seed: 17385577435062780322

9603 Krehm the Dealer of Despair (level 11, 0/68 HPs)
             Began as a Vampire Necromancer on June 22, 2020.
             Was an Elder of Kikubaaqudgha.
             Hit by a boomerang thrown by an orc warrior (7 damage)
             ... on level 11 of the Dungeon.
             The game lasted 01:28:15 (14336 turns).

Krehm the Dealer of Despair (Vampire Necromancer)  Turns: 14336, Time: 01:28:16

Health: 0/68       AC: 14    Str:  7    XL:     11   Next: 25%
Magic:  2/24       EV: 14    Int: 21    God:    Kikubaaqudgha [****..]
Gold:   642        SH: 16    Dex: 15    Spells: 8/28 levels left

rFire    + + .     SeeInvis +   p - +0 trident (protect)
rCold    + + .     Gourm    .   B - +2 shield of Resistance {rF+ rC+ MR+}
rNeg     + . .     Faith    .   F - +1 leather armour {rN+}
rPois    +         Spirit   .   (no helmet)
rElec    .         Reflect  +   o - scarf {rC+ rF+}
rCorr    .         Harm     .   y - +2 pair of gloves
MR       ++...                  (no boots)
Stlth    ++........             v - amulet of reflection
HPRegen  0.41/turn              q - +4 ring of evasion
MPRegen  0.19/turn              w - ring of poison resistance

@: protection aura, regenerating quickly
A: no food, fangs 3, see invisible, unbreathing
a: Exsanguinate, Receive Corpses, Renounce Religion


You were on level 11 of the Dungeon.
You worshipped Kikubaaqudgha.
Kikubaaqudgha was greatly pleased with you.
You were alive.

You visited 2 branches of the dungeon, and saw 12 of its levels.

You collected 642 gold pieces.

Inventory:

Hand Weapons
 p - a +0 trident of protection (weapon)
Missiles
 x - 31 poisoned darts (quivered)
Armour
 k - a +0 troll leather armour
 o - a scarf of resistance (worn)
 y - a +2 pair of gloves (worn)
 B - the +2 shield of Resistance (worn) {rF+ rC+ MR+}
   (You found it on level 8 of the Dungeon)

   It protects you from fire.
   It protects you from cold.
   It affects your resistance to hostile enchantments.
 F - a +1 leather armour of positive energy (worn)
 K - the +1 leather armour of Burning Liberty {rN+ Int+2, unknown}
   (You found it on level 11 of the Dungeon)

   It affects your intelligence (+2).
   It protects you from negative energy.
Magical Staves
 L - an uncursed staff of fire {unknown}
Jewellery
 q - a +4 ring of evasion (left hand)
 s - an uncursed ring of ice
 v - an amulet of reflection (around neck)
 w - a ring of poison resistance (right hand)
 G - an uncursed amulet of magic regeneration {unknown}
Wands
 f - a wand of paralysis (22)
 m - a wand of digging (10)
 t - a wand of enslavement (7)
Scrolls
 a - 2 scrolls of fog
 b - a scroll of enchant weapon
 c - a scroll of brand weapon {unknown}
 g - 4 scrolls of teleportation
 i - 3 scrolls of immolation {unknown}
 l - 2 scrolls of enchant armour
 E - a scroll of silence {unknown}
 H - a scroll of noise {unknown}
Potions
 d - 6 potions of stabbing
 e - 2 potions of degeneration {unknown}
 h - 3 potions of brilliance {unknown}
 j - 4 potions of might
 n - 3 potions of lignification
 r - a potion of resistance
 u - a potion of haste {unknown}
 z - 3 potions of curing
 A - a potion of invisibility {unknown}
 C - 2 potions of flight {unknown}
 D - a potion of heal wounds
 I - a potion of magic {unknown}
Miscellaneous
 J - a phial of floods (inert)


   Skills:
 + Level 7.7 Polearms
 - Level 2.1 Dodging
 - Level 3.0 Stealth
 + Level 5.2 Shields
 + Level 9.2 Spellcasting
 + Level 11.4 Necromancy
 + Level 4.1 Earth Magic


You had 8 spell levels left.
You knew the following spells:

 Your Spells              Type           Power        Failure   Level  Hunger
a - Pain                  Necr           ####         1%          1    N/A
b - Animate Skeleton      Necr           N/A          1%          1    N/A
c - Vampiric Draining     Necr           ######....   1%          3    N/A
d - Animate Dead          Necr           N/A          3%          4    N/A
e - Sublimation of Blood  Necr           ######....   1%          2    N/A
f - Dispel Undead         Necr           ######..     3%          4    N/A
g - Borgnjor's Vile Clut  Necr/Erth      #####.....   41%         5    N/A

Your spell library contained the following spells:

 Spells                   Type           Power        Failure   Level  Hunger
 Corpse Rot               Necr/Air       N/A          5%          2    N/A
 Agony                    Necr           ######..     10%         5    N/A
 Simulacrum               Ice/Necr       ####......   99%         6    N/A

Dungeon Overview and Level Annotations

Branches:
Dungeon (11/15)            Temple (1/1) D:4            Lair (0/6) D:8
    Orc: D:9-12

Altars:
Dithmenos
Fedhas
Hepliaklqana
Kikubaaqudgha
Makhleb
Nemelex Xobeh
Okawaru
Ru
Sif Muna
Trog
Uskayaw
Vehumet
Xom
Yredelemnul
Zin
The Shining One

Shops:
D:10 [

Portals:
Abyss: D:10

Annotations:
D:10 2 transporters, exclusion: downstairs, kelmiir's ghost, novice DrFi
D:11 exclusion: ugly thing


Innate Abilities, Weirdness & Mutations

You do not eat.
Your natural rate of healing is unusually fast.
You have razor-sharp teeth.
You have supernaturally acute eyesight. (SInv)
You can survive without breathing.


Message History

Aim: an orc warrior, wielding a +0 mace, wearing a +0 plate armour and quivering 7 boomerangs (lightly wounded)
The orc warrior is heavily wounded.
You feel life coursing into your body. You block the orc warrior's attack.
You hit the orc warrior but do no damage.
Your weapon exudes an aura of protection.
The orc warrior is heavily wounded.
The orc warrior hits you with a +0 mace!
* * * LOW HITPOINT WARNING * * *
Casting: Vampiric Draining (safe; 1% risk of failure)
Confirm with . or Enter, or press ? or * to list all spells.
Okay, then.
You feel better.
The orc warrior hits you with a +0 mace!
* * * LOW HITPOINT WARNING * * *
Press: ? - help, v - describe, . - travel
Here: an orc warrior, wielding a +0 mace, wearing a +0 plate armour and quivering 7 boomerangs (heavily wounded)
The floor.
The orc warrior throws a boomerang.
The boomerang hits you!
You die...
Kikubaaqudgha rasps: "You have failed me!
Welcome... death!"

..###..####......(........#...##.
.............####..(......#......
.#########'#.####.(#'###.........
.#......#..#..[...(#...###'######
.#......#..#.......#...c(...#
.#.....##..#......)#........#
.#.....##..#....##o######...#
.#.....##..#......)# #...#
.#.....##..#....@.(# #....
.#.........#......(# #o.c#
.#.........#......(# #..o#
.#######'###......(#
.####..........(...#
#..#........#####.#
#..#..####........#
#..#.....†........#
#..#....†..########


You could see an orc warrior.

Vanquished Creatures
  Josephine (D:10)
  Urug (D:11)
  A cyclops (D:9)
  The ghost of DungeonDestroyer the Shield-Bearer, an amateur GnFi of Gozag (D:4)
  2 trolls (D:11)
  The ghost of Alannah the Shooter, an amateur DsHu (D:3)
  3 hippogriffs
  Sigmund (D:2)
  5 wraiths
  3 shadows (D:11)
  Grum (D:10)
  A hungry ghost (D:10)
  Menkaure (D:7)
  3 ice beasts
  An orc warrior (D:8)
  6 sky beasts
  2 necrophages
  4 wolves (D:10)
  6 ogres
  4 phantoms
  3 centaurs
  A crocodile (D:8)
  4 bullfrogs
  A gnoll sergeant (D:9)
  A scorpion (D:6)
  9 wights
  2 howler monkeys (D:11)
  A centaur zombie (D:5)
  3 crimson imps
  A quasit (D:10)
  A centaur skeleton (D:5)
  2 hounds
  5 jellies
  4 orc priests
  A bullfrog skeleton (D:8)
  4 iguanas
  5 orc wizards
  Natasha (thrice) (D:3)
  11 worker ants
  2 hound skeletons
  9 adders
  7 gnolls
  4 shadow imps
  2 white imps (D:4)
  3 worms
  2 dart slugs
  3 adder simulacra (D:4)
  3 leopard geckos
  24 orcs
  4 giant cockroaches
  15 goblins
  12 hobgoblins
  14 jackals
  16 kobolds
  3 quokkas
  2 ball pythons
  6 bats
  3 frilled lizards
  A leopard gecko zombie (D:7)
  A quokka simulacrum (D:4)
  5 rats
251 creatures vanquished.

Vanquished Creatures (collateral kills)
  A centaur (D:7)
  A big kobold (D:8)
  A jelly (D:9)
  4 howler monkeys
  An orc priest (D:4)
  An adder (D:11)
  An ooze (D:1)
  An adder skeleton (D:4)
  3 orcs
  2 hobgoblins (D:7)
  A jackal (D:3)
  2 kobolds (D:8)
19 creatures vanquished.

Grand Total: 270 creatures vanquished

Notes
Turn   | Place    | Note
-------+----------+-------------------------------------------
     0 | D:1      | Krehm the Vampire Necromancer began the quest for the Orb.
     0 | D:1      | Reached XP level 1. HP: 13/13 MP: 3/3
   122 | D:1      | Reached XP level 2. HP: 19/19 MP: 0/5
   131 | D:1      | Learned a level 1 spell: Animate Skeleton
   477 | D:1      | You fall into a shaft and drop 1 floor!
   651 | D:2      | Reached skill level 5 in Necromancy
   651 | D:2      | Reached XP level 3. HP: 23/24 MP: 1/7
   656 | D:2      | Learned a level 3 spell: Vampiric Draining
  1440 | D:2      | Reached XP level 4. HP: 24/30 MP: 5/8
  1447 | D:2      | Learned a level 4 spell: Animate Dead
  2109 | D:3      | Noticed Natasha
  2316 | D:3      | Noticed Sigmund
  2359 | D:2      | Killed Sigmund
  2359 | D:2      | Reached skill level 6 in Necromancy
  2359 | D:2      | Reached XP level 5. HP: 21/35 MP: 2/11
  2595 | D:3      | Found a runed translucent door.
  2595 | D:3      | Noticed Alannah's ghost (amateur DsHu)
  3135 | D:3      | Reached XP level 6. HP: 26/41 MP: 5/12
  3698 | D:4      | Found a blossoming altar of Fedhas.
  3761 | D:4      | Reached skill level 7 in Necromancy
  3844 | D:4      | Reached skill level 1 in Polearms
  3844 | D:4      | Reached skill level 5 in Spellcasting
  3844 | D:4      | Reached XP level 7. HP: 44/46 MP: 8/14
  3957 | D:4      | Found a runed translucent gate.
  3957 | D:4      | Found a runed translucent gate.
  3957 | D:4      | Found a runed translucent gate.
  3972 | D:4      | Noticed DungeonDestroyer's ghost (amateur GnFi)
  4035 | D:4      | Found a staircase to the Ecumenical Temple.
  4044 | Temple   | Entered the Ecumenical Temple
  4052 | Temple   | Became a worshipper of Kikubaaqudgha
  4227 | D:5      | Entered Level 5 of the Dungeon
  4756 | D:5      | Found a radiant altar of Vehumet.
  5565 | D:6      | Reached skill level 8 in Necromancy
  5565 | D:6      | Reached XP level 8. HP: 44/52 MP: 16/16
  5819 | D:6      | Found a burning altar of Makhleb.
  6390 | D:7      | Noticed a hippogriff
  6812 | D:7      | Reached * piety under Kikubaaqudgha
  6812 | D:7      | Identified Kikubaaqudgha's Papyrus of Sinister Arts
                  | (Kikubaaqudgha gifted it to you on level 7 of the Dungeon)
  6812 | D:7      | Received a gift from Kikubaaqudgha
  6820 | D:7      | Learned a level 2 spell: Sublimation of Blood
  6851 | D:7      | Noticed a hippogriff
  6865 | D:7      | Killed a hippogriff
  6960 | D:7      | Killed a hippogriff
  6960 | D:7      | Reached skill level 9 in Necromancy
  7025 | D:7      | Noticed an angel
  7026 | D:7      | Found a glowing silver altar of Zin.
  7122 | D:7      | Reached XP level 9. HP: 50/57 MP: 19/19
  7256 | D:7      | Noticed Menkaure
  7267 | D:7      | Killed Menkaure
  7267 | D:7      | Reached skill level 5 in Polearms
  7428 | D:7      | Found a shimmering altar of Xom.
  7673 | D:7      | Reached ** piety under Kikubaaqudgha
  7784 | D:8      | Found the +2 shield of Resistance {rF+ rC+ MR+}
  7900 | D:8      | Reached skill level 1 in Shields
  7966 | D:8      | Found a staircase to the Lair.
  8274 | D:8      | Reached skill level 10 in Necromancy
  8379 | D:8      | Noticed a two-headed ogre
  9285 | D:3      | Killed Natasha
  9364 | D:3      | Found a runed translucent door.
  9475 | D:3      | Noticed Natasha
  9494 | D:3      | Killed Natasha
  9518 | D:3      | Noticed Natasha
  9533 | D:3      | Killed Natasha
  9840 | D:8      | Found a basalt altar of Yredelemnul.
  9910 | D:8      | Found a hazy altar of Hepliaklqana.
 10187 | D:9      | Noticed a cyclops
 10305 | D:9      | Found an iron altar of Okawaru.
 10561 | D:9      | Found a shimmering blue altar of Sif Muna.
 10620 | D:9      | Killed a cyclops
 10620 | D:9      | Reached XP level 10. HP: 51/63 MP: 9/22
 10884 | D:10     | Entered Level 10 of the Dungeon
 10884 | D:10     | Noticed Josephine
 11177 | D:10     | Reached *** piety under Kikubaaqudgha
 11177 | D:10     | Identified Kikubaaqudgha's Reference Book on Evil Magic
                  | (Kikubaaqudgha gifted it to you on level 10 of the Dungeon)
 11177 | D:10     | Received a gift from Kikubaaqudgha
 11186 | D:10     | Learned a level 4 spell: Dispel Undead
 11371 | D:9      | Learned a level 5 spell: Borgnjor's Vile Clutch
 11753 | D:10     | Noticed Grum
 11780 | D:10     | Killed Grum
 11780 | D:10     | Reached skill level 1 in Earth Magic
 11973 | D:10     | Found Jarai's Armour Boutique.
 11988 | D:10     | Found a transporter.
 12003 | D:10     | Found a one-way gate to the infinite horrors of the Abyss.
 12003 | D:10     | Noticed kelmiir's ghost (novice DrFi)
 12004 | D:10     | Noticed a hell hog
 12637 | D:10     | Killed Josephine
 12637 | D:10     | Reached skill level 11 in Necromancy
 12730 | D:10     | Found a transporter.
 13015 | D:3      | Killed Alannah's ghost
 13085 | D:4      | Killed DungeonDestroyer's ghost
 13503 | D:11     | Reached **** piety under Kikubaaqudgha
 13506 | D:11     | Reached XP level 11. HP: 68/68 MP: 24/24
 13633 | D:11     | Noticed a green ugly thing
 13837 | D:11     | Got a smelly leather armour
 13889 | D:11     | Reached skill level 5 in Shields
 14302 | D:11     | Noticed Urug
 14332 | D:11     | Killed Urug
 14336 | D:11     | Hit by a boomerang thrown by an orc warrior

Illustrated notes

Levels and vault maps discovered:
D:1:      grunt_arrival_crossed_arrows, layout_rooms
D:2:      layout_loops_ring, serial_glass, glass_columns_a, glass_columns_c
D:3:      layout_basic, first_ration, gammafunk_ghost_grave, uniq_sigmund,
          uniq_natasha
D:4:      layout_rooms, minmay_temple_entry_glass, gammafunk_ghost_icy,
          fedhas_ov_isle_minmay
D:5:      layout_basic, lemuel_crystal_altar, minmay_hedge_maze
D:6:      layout_basic, makhleb_blood_cavern_becter, nrook_loot_triangle
D:7:      corexii_shantytown, layout_rooms, overflow_temple_1_default,
          zin_angel, uniq_menkaure
D:8:      layout_cave_pools, yredelemnul_altar_generic, marbit_many_paths,
          lair_entry_dummy, lightli_orcish_oven
D:9:      layout_gridville, old_standard_altar, okawaru_trees_2,
          kennysheep_generic_room_16
D:10:     layout_roguey, gammafunk_ghost_abyssal_escape, serial_shops, shop,
          uniq_grum, uniq_josephine
D:11:     layout_stronghold, hangedman_stone_soup, kennysheep_generic_room_8,
          uniq_erolcha, uniq_urug
Temple:   eino_narrow_crystal_temple

Skill      XL: |  1  2  3  4  5  6  7  8  9 10 11 |
---------------+----------------------------------+-----
Necromancy     | 5 6 7 8 9 10 11 | 11.4
Spellcasting   | 3 4 5 7 8 9 |  9.2
Polearms       | 1 3 4 6 7 |  7.7
Shields        | 3 4 5 |  5.2
Earth Magic    | 3 4 |  4.1
Dodging        | |  2.1
Stealth        | |  3.0

Action                   |  1- 3 |  4- 6 |  7- 9 | 10-12 || total
-------------------------+-------+-------+-------+-------++-------
Melee: Unarmed           |     1 |       |       |       ||     1
       Dagger            |    45 |    90 |    89 |       ||   224
       Bite              |     1 |     8 |    77 |    27 ||   113
       Trident           |       |       |   811 |   439 ||  1250
Throw: Boomerang         |    10 |     8 |    15 |       ||    33
       Throwing net      |       |     1 |       |       ||     1
       Dart              |       |       |     5 |     1 ||     6
 Cast: Pain              |    54 |    34 |    22 |     7 ||   117
       Animate Skeleton  |    12 |     9 |    28 |     2 ||    51
       Vampiric Draining |       |    14 |    49 |    36 ||    99
       Animate Dead      |       |       |     2 |     4 ||     6
       Dispel Undead     |       |       |       |    30 ||    30
Evoke: Phial of floods   |       |       |       |     1 ||     1
  Use: Scroll            |     4 |     2 |     6 |     1 ||    13
       Potion            |     1 |     1 |     4 |     1 ||     7
 Stab: Sleeping          |     3 |     6 |    14 |     3 ||    26
       Distracted        |       |       |     2 |       ||     2
Armor: Leather armour    |    28 |    43 |   179 |    83 ||   333
       Skin              |       |       |     8 |       ||     8
Dodge: Dodged            |    58 |    83 |   444 |   168 ||   753
Block: Kite shield       |       |       |   259 |   341 ||   600
       Reflection        |       |       |     6 |     8 ||    14
